 Dungeon Crawl Stone Soup version 0.24-a0-549-g45f0056d81 (webtiles) character file.

Game seed: 13730587958149019991

37326 GameOver the Geomancer (level 13, 0/111 HPs)
             Began as a Naga Wizard on Aug 20, 2019.
             Was a High Priest of Kikubaaqudgha.
             Slain by a spriggan
             ... wielding a +0 short sword
              (9 damage)
             ... on level 6 of the Lair of Beasts.
             The game lasted 02:03:16 (14615 turns).

GameOver the Geomancer (Naga Wizard)               Turns: 14615, Time: 02:03:16

Health: 0/111      AC: 15    Str: 15    XL:     13   Next: 96%
Magic:  4/26       EV:  8    Int: 38    God:    Kikubaaqudgha [*****.]
Gold:   930        SH:  5    Dex:  9    Spells: 7/30 levels left

rFire    + . .     SeeInvis +   w - +9 falchion "Hoib" {flame, rPois rF+ Int+5 SInv}
rCold    . . .     Gourm    .   x - +0 buckler
rNeg     + + .     Faith    .   T - +4 ring mail of Spite {rCorr Str+5 Slay+2}
rPois    +         Spirit   .   b - +2 helmet {Int+3}
rElec    .         Reflect  .   r - +0 cloak
rCorr    +         Harm     .   H - +1 pair of gloves
MR       +++..                  (no barding)
Stlth    ++++......             i - amulet of magic regeneration
HPRegen  0.28/turn              a - ring of Yloidd {*Corrode rN+ MR+ Int+6 Stlth+}
MPRegen  0.45/turn              U - ring of Onithriq Tote {*Contam rPois rN+ MR+}

@: corroded, very slow
A: large, see invisible, deformed body, poison resistance, slowness 2, slow
metabolism 1, spit poison 1, constrict 1, AC +4
a: Spit Poison, Receive Corpses, Torment, Renounce Religion


You were on level 6 of the Lair of Beasts.
You worshipped Kikubaaqudgha.
Kikubaaqudgha was extremely pleased with you.
You were hungry.

You visited 3 branches of the dungeon, and saw 17 of its levels.
You also visited: Ossuary and Volcano.

You collected 1322 gold pieces.
You spent 392 gold pieces at shops.

Inventory:

Hand Weapons
 q - a +2 hand crossbow of flaming
 s - a +2 trident of flaming
 w - the +9 falchion "Hoib" (weapon) {flame, rPois rF+ Int+5 SInv}
   (You found it on level 8 of the Dungeon)

   It has been specially enchanted to burn those struck by it, causing extra
   injury to most foes and up to half again as much damage against particularly
   susceptible opponents.
   Big, fiery blades are also staple armaments of hydra-hunters.
   It affects your intelligence (+5).
   It protects you from fire.
   It protects you from poison.
   It lets you see invisible.
Missiles
 n - 41 bolts
Armour
 b - a +2 helmet of intelligence (worn)
 r - a +0 cloak (worn)
 t - a +2 shield
 x - a +0 buckler (worn)
 H - a +1 pair of gloves (worn)
 T - the +4 ring mail of Spite (worn) {rCorr Str+5 Slay+2}
   (You found it on level 10 of the Dungeon)

   It affects your strength (+5).
   It affects your accuracy and damage with ranged weapons and melee attacks
   (+2).
   It provides partial protection from all sources of acid and corrosion.
Magical Staves
 e - an uncursed staff of earth
Jewellery
 a - the ring of Yloidd (left hand) {*Corrode rN+ MR+ Int+6 Stlth+}
   (You found it on level 10 of the Dungeon)

   [ring of positive energy]

   It affects your intelligence (+6).
   It protects you from negative energy.
   It affects your resistance to hostile enchantments.
   It may corrode you when you take damage.
   It makes you more stealthy.
 i - an amulet of magic regeneration (around neck)
 Q - an uncursed ring of flight
 U - the ring of Onithriq Tote (right hand) {*Contam rPois rN+ MR+}
   (You found it on level 8 of the Dungeon)

   [ring of protection from magic]

   It protects you from poison.
   It protects you from negative energy.
   It affects your resistance to hostile enchantments.
   It causes magical contamination when unequipped.
 Y - an uncursed ring of protection from cold
Wands
 c - a wand of disintegration (13)
 u - a wand of acid (3)
 v - a wand of digging (10)
 D - a wand of iceblast (36)
 E - a wand of flame (3)
Scrolls
 f - 9 scrolls of remove curse
 k - 4 scrolls of enchant weapon
 m - 3 scrolls of fear
 o - 6 scrolls of magic mapping
 y - 2 scrolls of immolation
 B - 2 scrolls of fog
 C - a scroll of enchant armour
 F - 13 scrolls of teleportation
 J - a scroll of silence
 L - 3 scrolls of identify
 O - a scroll of brand weapon
 R - a scroll of summoning
 S - 3 scrolls of amnesia
Potions
 g - 12 potions of curing
 h - a potion of ambrosia {unknown}
 j - 3 potions of heal wounds
 l - 9 potions of haste
 p - a potion of cancellation {unknown}
 z - 5 potions of degeneration {unknown}
 A - 4 potions of might
 G - 2 potions of mutation {unknown}
 I - a potion of agility
 K - 2 potions of resistance
 N - a potion of magic
 P - a potion of lignification
 W - 2 potions of berserk rage {unknown}
 X - 3 potions of flight {unknown}
Miscellaneous
 V - a fan of gales
Comestibles
 d - 29 rations
 M - 8 chunks of flesh


   Skills:
 - Level 6.0 Fighting
 + Level 8.5 Long Blades
 - Level 6.0 Armour
 - Level 1.5 Dodging
 - Level 9.0 Stealth
 * Level 6.5 Shields
 - Level 9.0 Spellcasting
 - Level 6.0 Conjurations
   Level 1.0 Summonings
 - Level 3.0 Translocations
 - Level 6.0 Transmutations
 - Level 3.0 Fire Magic
 - Level 9.0 Earth Magic
 - Level 6.1 Poison Magic
 - Level 6.1 Evocations


You had 7 spell levels left.
You knew the following spells:

 Your Spells              Type           Power        Failure   Level  Hunger
a - Magic Dart            Conj           ####         1%          1    None
b - Blink                 Tloc           N/A          1%          2    None
d - Mephitic Cloud        Conj/Pois/Air  #####...     2%          3    None
f - Conjure Flame         Conj/Fire      ######..     1%          3    None
s - Stone Arrow           Conj/Erth      ######       1%          3    None
v - Petrify               Tmut/Erth      ######..     1%          4    None
P - Passwall              Tmut/Erth      ######..     1%          2    None
V - Lee's Rapid Deconstr  Erth           ######....   2%          5    ##.....

Your spell library contained the following spells:

 Spells                   Type           Power        Failure   Level  Hunger
 Sandblast                Erth           ######       1%          1    None
 Gell's Gravitas          Tloc           #####.....   3%          3    None
 Animate Skeleton         Necr           N/A          4%          1    None
 Confusing Touch          Hex            ###...       4%          1    None
 Pain                     Necr           ###.         4%          1    None
 Call Imp                 Summ           ###.....     4%          2    None
 Slow                     Hex            ###.....     6%          2    None
 Sublimation of Blood     Necr           ###.......   6%          2    None
 Confuse                  Hex            ###.....     12%         3    None
 Vampiric Draining        Necr           ###.......   12%         3    None
 Borgnjor's Vile Clutch   Necr/Erth      ######....   17%         5    ##.....
 Yara's Violent Unravell  Hex/Tmut       #####.....   32%         5    ##.....
 Animate Dead             Necr           N/A          36%         4    None
 Agony                    Necr           ###.....     73%         5    ##.....
 Dispel Undead            Necr           ###.....     73%         5    ##.....
 Excruciating Wounds      Chrm/Necr      ###.......   73%         5    ##.....
 Metabolic Englaciation   Hex/Ice        ###.......   73%         5    ##.....


Dungeon Overview and Level Annotations

Branches:
Dungeon (10/15)            Temple (1/1) D:5            Lair (6/6) D:8
  Swamp (0/4) Lair:2        Snake (0/4) Lair:2        Slime (0/5) Lair:5
    Orc: D:9-12

Altars:
Ashenzari
Cheibriados
Dithmenos
Elyvilon
Fedhas
Gozag
Hepliaklqana
Kikubaaqudgha
Makhleb
Nemelex Xobeh
Okawaru
Qazlal
Ru
Sif Muna
Trog
Uskayaw
Vehumet
Wu Jian
Xom
Yredelemnul
Zin
The Shining One
Jiyva

Shops:
D:4 !   D:7 (

Annotations:
D:4 need digging
D:8 2 runed translucent doors


Innate Abilities, Weirdness & Mutations

You cannot wear boots.
Your serpentine skin is tough. (AC +4)
You have supernaturally acute eyesight. (SInv)
Armour fits poorly on your strangely shaped body.
Your system is resistant to poisons. (rPois)
You cover ground very slowly.
You have a slow metabolism.
You can spit poison.
You can use your snake-like lower body to constrict enemies.


Message History

You hit the death yak. You burn the death yak.
The death yak is almost dead.
You feel less wooden.
Your +0 cloak unmelds from your body.
Your +2 helmet of intelligence unmelds from your body.
Your +1 pair of gloves unmelds from your body.
The +4 ring mail of Spite {rCorr Str+5 Slay+2} unmelds from your body.
You feel clever.
The boggart mumbles some strange words.
The death yak is engulfed in blazing flames.
The death yak barely misses you.
You riposte.
You hit the death yak but do no damage.
The death yak is almost dead.
The komodo dragon bites the rime drake.
The death yak is engulfed in noxious fumes.
The spriggan is engulfed in noxious fumes.
The spriggan appears confused.
The spriggan hits you with a +0 short sword!
You die...
Kikubaaqudgha rasps: "You have failed me!
Welcome... death!"

#..... .♣♣ #....##..♣♣♣.
#.....#......
###.Y.g#...(...
#...).Y........ ...
##P..○P○F....P♣ ... ###
#.....iY§....#♣
...##.#####...°°@YY!...♣
.......##..#...°lk....♣♣
......................♣
......................♣
........†............♣♣
........÷.........P.♣♣
....####...#....#P.♣♣
....# ###......#..♣
.(..# ##........♣


You could see 4 death yaks, a catoblepas, a komodo dragon (confused), a spiny
frog, a rime drake (confused), a spriggan (confused) and a boggart.

Vanquished Creatures
  3 hydras
  The ghost of Guimpusk the Martial Artist, a journeyman DgTm (Lair:2)
  2 two-headed ogres (D:8)
  The ghost of MirrMurr the Slicer, a journeyman HaFi of Trog (D:10)
  A sun demon (Volcano)
  Nergalle (D:10)
  A hell knight (Volcano)
  An obsidian statue (Volcano)
  A spectral hydra (Lair:2)
  A necromancer (Lair:5)
  A cyclops (D:10)
  An oklob plant (Lair:4)
  3 elephants (Lair:3)
  The ghost of Sassenached the Ducker, a novice KoWn (D:5)
  4 black mambas (Lair:2)
  A centaur zombie (D:10)
  A gargoyle (D:8)
  11 spiny frogs
  11 komodo dragons
  A rime drake (Lair:6)
  2 trolls (D:10)
  3 polar bears
  2 red devils (Volcano)
  2 bog bodies (Lair:2)
  2 hornets (Lair:6)
  4 blink frogs (Lair:3)
  3 hippogriffs
  5 spriggans
  4 wyverns
  5 fire bats (Volcano)
  29 yaks
  A steam dragon (D:10)
  4 basilisks
  A death yak simulacrum (Lair:2)
  A hungry ghost (D:8)
  Menkaure (D:7)
  A spectral spiny frog (Lair:2)
  3 nagas (Lair:2)
  Edmund (D:4)
  9 water moccasins
  A hell hound (Volcano)
  7 porcupines
  An orc warrior (D:6)
  2 black bears
  3 ice beasts
  2 elephant zombies (Lair:5)
  3 phantoms
  3 sky beasts
  A necrophage (D:8)
  5 ogres
  3 centaurs
  19 wolves
  5 crocodiles
  5 big kobolds
  12 bullfrogs
  4 killer bees (D:10)
  A water moccasin skeleton (D:5)
  A scorpion (D:9)
  2 jellies
  A dream sheep simulacrum (Lair:2)
  3 electric eels (Lair:5)
  5 wights
  A howler monkey (D:10)
  6 crimson imps
  3 lava snakes (Volcano)
  2 bullfrog skeletons
  2 quasits (D:10)
  5 orc wizards
  5 hounds
  A komodo dragon simulacrum (Lair:2)
  2 orc priests
  13 iguanas
  5 worker ants
  2 hell rats
  A crocodile zombie (Lair:5)
  13 mummies (Ossuary)
  3 worker ant zombies
  4 gnolls (D:4)
  13 adders
  3 shadow imps
  5 worms
  4 dart slugs
  6 leopard geckos
  19 orcs
  4 giant cockroaches
  6 goblins
  7 hobgoblins
  13 jackals
  44 kobolds
  3 quokkas
  2 ball python skeletons
  7 bats
  2 frilled lizards
  4 gnoll skeletons (Ossuary)
  A goblin skeleton (Ossuary)
  A jackal skeleton (D:5)
  A jackal zombie (D:8)
  A kobold skeleton (Ossuary)
  A leopard gecko skeleton (D:4)
  2 orc skeletons (Ossuary)
  8 rats
  11 rat skeletons (Ossuary)
  A fungus (Lair:3)
  3 plants
460 creatures vanquished.

Vanquished Creatures (others)
  A lava snake (Volcano)
  A kobold (D:6)
  3 fungi (Lair:3)
  2 plants
7 creatures vanquished.

Grand Total: 467 creatures vanquished

Notes
Turn   | Place    | Note
-------+----------+-------------------------------------------
     0 | D:1      | GameOver the Naga Wizard began the quest for the Orb.
     0 | D:1      | Reached XP level 1. HP: 15/15 MP: 4/4
   146 | D:1      | Reached XP level 2. HP: 8/22 MP: 0/6
   720 | D:1      | Reached XP level 3. HP: 28/28 MP: 1/7
   724 | D:1      | Learned a level 2 spell: Blink
   728 | D:1      | Learned a level 3 spell: Mephitic Cloud
  1144 | D:2      | Reached XP level 4. HP: 36/36 MP: 4/8
  1805 | D:3      | Reached XP level 5. HP: 41/42 MP: 0/9
  2081 | D:3      | Found a shimmering altar of Xom.
  2211 | D:4      | Reached skill level 5 in Conjurations
  2259 | D:4      | Found Tuple's Distillery.
  2262 | D:4      | Bought a potion of curing for 42 gold pieces
  2262 | D:4      | Bought a potion of lignification for 42 gold pieces
  2262 | D:4      | Bought a potion of might for 56 gold pieces
  2268 | D:4      | Noticed an ogre
  2299 | D:4      | Killed an ogre
  2299 | D:4      | Reached XP level 6. HP: 49/49 MP: 4/10
  2427 | D:4      | Reached skill level 1 in Poison Magic
  2566 | D:4      | Reached XP level 7. HP: 35/55 MP: 0/12
  2619 | D:4      | Noticed Edmund
  2650 | D:4      | Killed Edmund
  2650 | D:4      | Reached skill level 5 in Stealth
  2959 | D:5      | Entered Level 5 of the Dungeon
  2963 | D:5      | Found a runed translucent door.
  2967 | D:5      | Noticed Sassenached's ghost (novice KoWn)
  2973 | D:5      | Learned a level 3 spell: Conjure Flame
  2990 | D:5      | Killed Sassenached's ghost
  2990 | D:5      | Reached skill level 5 in Poison Magic
  2990 | D:5      | Reached XP level 8. HP: 47/62 MP: 7/15
  3260 | D:5      | Reached skill level 5 in Spellcasting
  3367 | D:5      | Found a staircase to the Ecumenical Temple.
  3426 | Temple   | Entered the Ecumenical Temple
  4026 | D:6      | Reached skill level 1 in Fighting
  4026 | D:6      | Reached skill level 1 in Fire Magic
  4026 | D:6      | Reached skill level 1 in Evocations
  4086 | D:6      | Reached XP level 9. HP: 70/70 MP: 14/18
  4954 | D:7      | Learned a level 3 spell: Stone Arrow
  4955 | D:7      | Noticed Menkaure
  4959 | D:7      | Killed Menkaure
  5016 | D:7      | Found an ancient bone altar of Kikubaaqudgha.
  5024 | D:7      | Became a worshipper of Kikubaaqudgha
  5172 | D:7      | Reached skill level 1 in Earth Magic
  5238 | D:7      | Found Ynloe's Antique Weapon Boutique.
  6078 | D:4      | Learned a level 2 spell: Passwall
  6210 | D:4      | Bought a potion of magic for 112 gold pieces
  6210 | D:4      | Bought a potion of haste for 140 gold pieces
  6405 | D:8      | Found a sand-covered staircase.
  6411 | Ossuary  | Entered an ossuary
  6515 | Ossuary  | Reached * piety under Kikubaaqudgha
  6515 | Ossuary  | Identified Kikubaaqudgha's Disquisition on Stolen Souls
                  | (Kikubaaqudgha gifted it to you in an ossuary)
  6515 | Ossuary  | Received a gift from Kikubaaqudgha
  6750 | D:8      | Noticed a two-headed ogre
  6778 | D:8      | Killed a two-headed ogre
  6778 | D:8      | Reached skill level 5 in Evocations
  6778 | D:8      | Reached XP level 10. HP: 85/85 MP: 7/19
  6782 | D:8      | Noticed a two-headed ogre
  6798 | D:8      | Killed a two-headed ogre
  6798 | D:8      | Reached skill level 5 in Earth Magic
  6832 | D:8      | Found a large runed translucent door.
  6832 | D:8      | Found a large runed translucent door.
  6838 | D:8      | Found a large runed translucent door.
  6838 | D:8      | Found a large runed translucent door.
  6842 | D:8      | Noticed a gargoyle
  6867 | D:8      | Killed a gargoyle
  6912 | D:8      | Got a brightly glowing turquoise ring
  6931 | D:8      | Identified the ring of Onithriq Tote {*Contam rPois rN+
                  | MR+} (You found it on level 8 of the Dungeon)
  7110 | D:8      | Got a bloodstained falchion
  7121 | D:8      | Identified the +9 falchion "Hoib" {flame, rPois rF+ Int+5
                  | SInv} (You found it on level 8 of the Dungeon)
  7248 | D:8      | Reached skill level 5 in Fighting
  7248 | D:8      | Reached skill level 1 in Long Blades
  7355 | D:8      | Found a staircase to the Lair.
  7495 | D:8      | Reached ** piety under Kikubaaqudgha
  8004 | D:9      | Reached skill level 1 in Transmutations
  8004 | D:9      | Reached XP level 11. HP: 96/96 MP: 12/20
  8448 | D:10     | Entered Level 10 of the Dungeon
  8472 | D:10     | Noticed a cyclops
  8481 | D:10     | Killed a cyclops
  8493 | D:10     | Learned a level 4 spell: Petrify
  8499 | D:10     | Learned a level 5 spell: Lee's Rapid Deconstruction
  8553 | D:10     | Reached *** piety under Kikubaaqudgha
  8553 | D:10     | Identified Kikubaaqudgha's Compendium of Black Rites
                  | (Kikubaaqudgha gifted it to you on level 10 of the Dungeon)
  8553 | D:10     | Received a gift from Kikubaaqudgha
  8598 | D:9      | Found an ancient bone altar of Kikubaaqudgha.
  8598 | D:9      | Found a shadowy altar of Dithmenos.
  8598 | D:9      | Found a white marble altar of Elyvilon.
  8598 | D:9      | Found a shimmering blue altar of Sif Muna.
  8703 | D:10     | Found a glowing golden altar of the Shining One.
  8730 | D:10     | Noticed Nergalle
  8746 | D:10     | Killed Nergalle
  8935 | D:10     | Found a large runed translucent door.
  8936 | D:10     | Noticed MirrMurr's ghost (journeyman HaFi)
  8937 | D:10     | Found a large runed translucent door.
  8955 | D:10     | Killed MirrMurr's ghost
  9076 | D:10     | Reached skill level 5 in Long Blades
  9113 | D:10     | Got a pitted lead ring
  9133 | D:10     | Identified the ring of Yloidd {*Corrode rN+ MR+ Int+6
                  | Stlth+} (You found it on level 10 of the Dungeon)
  9322 | D:10     | Got a twisted ring mail
  9333 | D:10     | Identified the +4 ring mail of Spite {rCorr Str+5 Slay+2}
                  | (You found it on level 10 of the Dungeon)
  9535 | Lair:1   | Entered Level 1 of the Lair of Beasts
  9619 | Lair:1   | Reached skill level 1 in Armour
  9711 | Lair:1   | Reached XP level 12. HP: 81/105 MP: 13/22
  9851 | Lair:1   | Reached **** piety under Kikubaaqudgha
 10510 | Lair:2   | Found a runed translucent gate.
 10510 | Lair:2   | Found a runed translucent gate.
 10510 | Lair:2   | Found a runed translucent gate.
 10511 | Lair:2   | Noticed Guimpusk's ghost (journeyman DgTm)
 10535 | Lair:2   | Killed Guimpusk's ghost
 10535 | Lair:2   | Reached skill level 5 in Transmutations
 10691 | Lair:2   | Reached skill level 5 in Armour
 10694 | Lair:2   | HP: 4/105 [yak (10)]
 10723 | Lair:2   | Found a staircase to the Swamp.
 10839 | Lair:2   | Found a staircase to the Snake Pit.
 11028 | Lair:2   | You fall into a shaft and drop 1 floor!
 11344 | Lair:2   | Gained mutation: You can use your snake-like lower body to
                  | constrict enemies. [Naga growth]
 11344 | Lair:2   | Reached XP level 13. HP: 80/111 MP: 18/26
 11591 | Lair:3   | Reached skill level 1 in Shields
 12230 | Lair:4   | Found a dark tunnel.
 12242 | Volcano  | Entered a volcano
 12386 | Volcano  | Found a bloodstained altar of Trog.
 13535 | Lair:5   | Reached skill level 5 in Shields
 14081 | Lair:5   | Found a viscous altar of Jiyva.
 14084 | Lair:5   | Found a staircase to the Slime Pits.
 14429 | Lair:6   | Entered Level 6 of the Lair of Beasts
 14562 | Lair:6   | Reached ***** piety under Kikubaaqudgha
 14613 | Lair:6   | HP: 5/166 [death yak (11)]
 14615 | Lair:6   | Slain by a spriggan

Levels and vault maps discovered:
D:1:      dpeg_arrival_subterranean_lakeside_camping, layout_loops_ring,
          serial_park_tiny_1
D:2:      layout_basic
D:3:      layout_basic, first_ration, st_stairs_7, tgw_xom
D:4:      layout_basic, serial_shops, nicolae_shop_statue_plus, serial_glass,
          glass_columns_a, glass_columns_a, due_unseen_surprise,
          item_on_display_a, feat_on_display, item_on_display_a,
          hangedman_abyss_or_decor_lesser_grid, uniq_edmund
D:5:      layout_basic, minmay_temple_entry_drinking_statues,
          ebering_ghost_sewer_d
D:6:      kennysheep_kobold_camp, layout_cave_pods
D:7:      layout_basic, serial_shops, shop, basic_altar, the_bakery,
          bh_chokoban, uniq_menkaure
D:8:      layout_loops_ring, david_lair_shrubbed, enter_ossuary_3,
          minmay_hollow_rounded_squares
D:9:      layout_roguey, nicolae_overflow_hidden_temple
D:10:     layout_loops_ring, ebering_ghost_disaster_area,
          nicolae_tso_carved_into_rock, uniq_nergalle
Temple:   dpeg_five_rooms_temple
Lair:1:   beast_lair_carwin_large_4, layout_regular_city
Lair:2:   layout_hall_layers, skrybe_swamp_entry_bodies,
          minmay_snake_entry_guardpost_small, gammafunk_ghost_necromancy,
          grunt_megastairs_3
Lair:3:   layout_cave_pods, grunt_megastairs_4, infiniplex_staircase_pool
Lair:4:   layout_cave_pods, nicolae_volcano_entry_lava_flow,
          grunt_forest_stairs_clearing
Lair:5:   pond_and_an_island_with_a_cottage, layout_hall_layers, slime_altar_1,
          columned_hall_lemuel, serial_bayou_shore_b
Lair:6:   minmay_lair_end_enchanted_forest, layout_long_grid, uniq_urug,
          uniq_sonja

Skill      XL: |  1  2  3  4  5  6  7  8  9 10 11 12 13 |
---------------+----------------------------------------+-----
Conjurations   | 2 3 4 6 |  6.0
Poison Magic   | 2 5 6 |  6.1
Stealth        | 4 6 9 |  9.0
Spellcasting   | 4 6 7 9 |  9.0
Fighting       | 1 4 5 6 |  6.0
Fire Magic     | 1 3 |  3.0
Evocations     | 1 5 6 |  6.1
Translocations | 3 |  3.0
Earth Magic    | 4 6 8 9 |  9.0
Long Blades    | 3 6 8 |  8.5
Transmutations | 1 3 6 |  6.0
Armour         | 2 6 |  6.0
Shields        | 6 |  6.5
Dodging        | |  1.5
Summonings     | |  1.0

Action                   |  1- 3 |  4- 6 |  7- 9 | 10-12 | 13-15 || total
-------------------------+-------+-------+-------+-------+-------++-------
Melee: Spear             |    13 |    17 |   169 |    89 |       ||   288
       Falchion          |       |       |       |   179 |   102 ||   281
       Constrict         |       |       |       |       |    21 ||    21
 Fire: Hand crossbow     |       |       |       |     8 |    78 ||    86
 Cast: Magic Dart        |    38 |    70 |   137 |    24 |    10 ||   279
       Mephitic Cloud    |       |     5 |    16 |    33 |    16 ||    70
       Conjure Flame     |       |       |    16 |    33 |    13 ||    62
       Blink             |       |       |     5 |     3 |     1 ||     9
       Stone Arrow       |       |       |    42 |   104 |    74 ||   220
       Passwall          |       |       |     6 |       |       ||     6
       Petrify           |       |       |       |     6 |     6 ||    12
       Lee's Rapid Decon |       |       |       |     1 |     4 ||     5
 Abil: Spit Poison       |    34 |    54 |    67 |    98 |    41 ||   294
Evoke: Wand              |       |       |    12 |     5 |     5 ||    22
  Use: Potion            |     1 |     1 |       |     3 |     4 ||     9
       Scroll            |       |       |     7 |    11 |     4 ||    22
 Stab: Sleeping          |     1 |       |    11 |     7 |       ||    19
       Confused          |       |       |     6 |    12 |     2 ||    20
       Petrified         |       |       |       |     5 |     8 ||    13
  Eat: Chunk             |     2 |     7 |    16 |    18 |    11 ||    54
       Ration            |       |       |     1 |       |       ||     1
Armor: Robe              |     3 |     9 |    38 |    35 |       ||    85
       Skin              |       |     1 |       |       |    27 ||    28
       Steam dragon scal |       |       |       |    14 |       ||    14
       Ring mail         |       |       |       |    41 |    42 ||    83
Dodge: Dodged            |    18 |    12 |    56 |    91 |    23 ||   200
Block: Buckler           |       |       |       |     2 |    17 ||    19
       Rpst.: Falchion   |       |       |       |    25 |     7 ||    32

Table legend:
 A = Non-vault XP
 B = Vault XP
 C = Vault XP percentage of total XP
 D = Non-vault monster count
 E = Vault monster count
 F = Vault count percentage of total count
                 A         B        C        D         E       F
            +---------+---------+-------+---------+---------+-------
      Total |   32719 |   20605 |  38.6 |     293 |     164 |  35.9
            +---------+---------+-------+---------+---------+-------
        D:1 |      28 |      10 |  26.3 |      14 |       6 |  30.0
        D:2 |      73 |       0 |   0.0 |      24 |       0 |   0.0
        D:3 |      50 |      33 |  39.8 |      20 |       6 |  23.1
        D:4 |     507 |     154 |  23.3 |      25 |       1 |   3.8
        D:5 |     713 |     556 |  43.8 |      19 |       3 |  13.6
        D:6 |    1007 |     119 |  10.6 |      14 |      20 |  58.8
        D:7 |     496 |     403 |  44.8 |      11 |       2 |  15.4
        D:8 |    2656 |    1784 |  40.2 |      15 |      15 |  50.0
        D:9 |    1049 |       0 |   0.0 |      29 |       0 |   0.0
       D:10 |    3871 |    1693 |  30.4 |      32 |       2 |   5.9
     Lair:1 |    1898 |    2324 |  55.0 |      13 |      15 |  53.6
     Lair:2 |    3779 |    5062 |  57.3 |      14 |      24 |  63.2
     Lair:3 |    7042 |       0 |   0.0 |      29 |       0 |   0.0
     Lair:4 |    3756 |     994 |  20.9 |      11 |       6 |  35.3
     Lair:5 |    2874 |     888 |  23.6 |      12 |       4 |  25.0
     Lair:6 |    2920 |    2155 |  42.5 |      11 |      13 |  54.2
    Ossuary |       0 |     244 | 100.0 |       0 |      32 | 100.0
    Volcano |       0 |    4186 | 100.0 |       0 |      15 | 100.0
            +---------+---------+-------+---------+---------+-------
